 Dungeon Crawl Stone Soup version 0.26-a0-466-g989023bd0d (webtiles) character file.

Game seed: 10180769536952546186

83643 MackTheKnife the Blocker (level 15, -18/93 HPs)
             Began as a Tengu Gladiator on Aug 5, 2020.
             Was a High Priest of Jiyva.
             Killed from afar by a deep elf mage (31 damage)
             ... with a bolt of cold
             ... on level 15 of the Dungeon.
             The game lasted 00:44:37 (21402 turns).

MackTheKnife the Blocker (Tengu Gladiator)         Turns: 21402, Time: 00:44:37

Health: -18/93     AC: 17    Str: 18    XL:     15   Next: 77%
Magic:  21/21      EV: 27    Int: 10    God:    Jiyva [*****.]
Gold:   1723       SH: 24    Dex: 26    Spells: 14/14 levels left

rFire    + . .     SeeInvis .   a - +3 quick blade (elec)
rCold    . . .     Faith    .   J - +4 kite shield {rN+}
rNeg     + . .     Spirit   .   M - +2 ring mail {rF+}
rPois    +         Reflect  +   p - +2 hat {MR+}
rElec    .         Harm     .   Q - +0 cloak {rPois}
rCorr    +                      z - +2 pair of gloves {Dex+3}
MR       +++..                  (boots unavailable)
Stlth    ++........             K - amulet of reflection
HPRegen  0.25/turn              L - +6 ring of dexterity
MPRegen  0.17/turn              m - +4 ring of evasion

@: flying quickly and evasively, slowed, very slow
A: beak, talons 3, icy blue scales 1, magic resistance 1, able to fly
a: Stop Flying, Request Jelly, Slimify, Cure Bad Mutation, Renounce Religion


You were on level 15 of the Dungeon.
You worshipped Jiyva.
Jiyva was extremely pleased with you.
You visited 5 branches of the dungeon, and saw 24 of its levels.
You also visited: Gauntlet and Volcano.

You collected 2412 gold pieces.
You spent 689 gold pieces at shops.

Inventory:

Hand Weapons
 a - a +3 quick blade of electrocution (weapon)
   (You found it in a volcano)
Armour
 p - a +2 hat of magic resistance (worn)
   (Okawaru gifted it to you on level 6 of the Lair of Beasts)
 z - a +2 pair of gloves of dexterity (worn)
   (Okawaru gifted it to you on level 11 of the Dungeon)
 F - the +2 cloak of the Thief {+Fog Slay-2 SInv Stlth+}
   (You found it in a Gauntlet)

   It affects your accuracy and damage with ranged weapons and melee attacks
   (-2).
   It lets you see invisible.
   It makes you more stealthy.
 J - a +4 kite shield of positive energy (worn)
   (You found it in a Gauntlet)
 M - a +2 ring mail of fire resistance (worn)
   (You found it on level 5 of the Lair of Beasts)
 Q - a +0 cloak of poison resistance (worn)
   (You bought it in a shop on level 2 of the Orcish Mines)
Jewellery
 f - an uncursed ring of magical power {MP+9}
   (You found it on level 1 of the Dungeon)
 l - an uncursed amulet of regeneration {+regen, !d}
   (You found it on level 1 of the Dungeon)
 m - a +4 ring of evasion (right hand)
   (You found it on level 6 of the Dungeon)
 n - an uncursed ring of fire {rF+, rC-}
   (You found it on level 1 of the Lair of Beasts)
 v - an uncursed ring of ice {rC+, rF-}
   (You found it on level 6 of the Dungeon)
 y - a cursed ring of see invisible {sInv, !d}
   (You found it on level 11 of the Dungeon)
 E - an uncursed amulet of guardian spirit {Spirit}
   (You found it in a Gauntlet)
 K - an amulet of reflection (around neck)
   (You found it on level 4 of the Lair of Beasts)
 L - a +6 ring of dexterity (left hand)
   (You took it off a human on level 13 of the Dungeon)
Wands
 b - a wand of random effects (20)
   (You found it on level 3 of the Lair of Beasts)
 h - a wand of flame (33)
   (You found it on level 8 of the Dungeon)
 o - a wand of iceblast (1)
   (You took it off an orc on level 8 of the Dungeon)
 t - a wand of digging (13)
   (You found it on level 9 of the Dungeon)
 w - a wand of disintegration (43)
   (You found it on level 7 of the Dungeon)
 H - a wand of paralysis (9)
   (You found it in a Gauntlet)
Scrolls
 c - a scroll of summoning
 e - 7 scrolls of remove curse
 i - 3 scrolls of identify
 k - 4 scrolls of amnesia
 s - 5 scrolls of teleportation
 u - a scroll of blinking {!r}
 x - 4 scrolls of fog
 P - a scroll of brand weapon
 S - a scroll of fear
Potions
 d - 2 potions of haste
 g - 4 potions of stabbing
 j - a potion of cancellation
 r - 8 potions of curing
 A - 2 potions of berserk rage {!q}
 B - 3 potions of brilliance
 C - a potion of resistance
 D - 2 potions of ambrosia
 I - 2 potions of flight
 N - 3 potions of heal wounds
 R - a potion of might
Miscellaneous
 q - a lightning rod (4/4)
   (You found it in a Gauntlet)
 G - a tin of tremorstones (3/3)
   (You found it on level 4 of the Lair of Beasts)


   Skills:
 - Level 10.5 Fighting
 - Level 11.8 Short Blades
   Level 12.6 Axes
 - Level 2.0 Throwing
 - Level 8.2 Armour
 - Level 8.9 Dodging
 + Level 1.8 Stealth
 + Level 14.9 Shields
   Level 7.9 Invocations
 - Level 1.5 Evocations


You had 14 spell levels left.
You didn't know any spells.
Your spell library contained the following spells:

 Spells                   Type           Power        Failure   Level
 Animate Skeleton         Necr           #.....       52%         1
 Beastly Appendage        Tmut           #.....       52%         1
 Corona                   Hex            #......      52%         1
 Magic Dart               Conj           #...         52%         1
 Pain                     Necr           #...         52%         1
 Blink                    Tloc           N/A          67%         2
 Searing Ray              Conj           #.....       67%         2
 Slow                     Hex            #.......     67%         2
 Wereblood                Tmut           #.......     67%         2
 Dazzling Flash           Conj/Hex       #.....       88%         3
 Gell's Gravitas          Tloc           #.........   88%         3
 Inner Flame              Hex/Fire       #.......     88%         3
 Lesser Beckoning         Tloc           #.........   88%         3
 Portal Projectile        Hex/Tloc       #.....       88%         3
 Spider Form              Tmut/Pois      #.........   88%         3
 Teleport Other           Tloc           #.......     88%         3
 Vampiric Draining        Necr           #.........   88%         3
 Animate Dead             Necr           #.........   99%         4
 Cause Fear               Hex            #.........   99%         4
 Fulminant Prism          Conj/Hex       #.........   99%         4
 Ice Form                 Ice/Tmut       #.......     99%         4
 Iskenderun's Mystic Bla  Conj/Tloc      #.......     99%         4
 Leda's Liquefaction      Hex/Erth       #.........   99%         4
 Passage of Golubria      Tloc           N/A          99%         4
 Agony                    Necr           #.......     100%        5
 Blade Hands              Tmut           #.........   100%        5
 Bolt of Magma            Conj/Fire/Erth #.........   100%        5
 Iskenderun's Battlesphe  Conj           #.......     100%        5
 Iron Shot                Conj/Erth      #.........   100%        6
 Orb of Destruction       Conj           #.........   100%        7
 Spellforged Servitor     Conj/Summ      #.........   100%        7


Dungeon Overview and Level Annotations

Branches:
Dungeon (13/15)            Temple (1/1) D:5            Lair (6/6) D:11
  Swamp (0/4) Lair:4        Snake (0/4) Lair:4        Slime (0/5) Lair:6
    Orc (2/2) D:12            Elf (1/3) Orc:2        Vaults (0/5) D:13
Volcano (visited)         Gauntlet (visited)

Altars:
Ashenzari
Cheibriados
Dithmenos
Elyvilon
Fedhas
Gozag
Hepliaklqana
Kikubaaqudgha
Makhleb
Nemelex Xobeh
Okawaru
Qazlal
Ru
Sif Muna
Trog
Uskayaw
Vehumet
Wu Jian
Xom
Yredelemnul
Zin
The Shining One
Beogh
Jiyva

Shops:
D:7 [   D:13 *   Orc:2 [([[

Annotations:
D:8 exclusion: 2 downstairs
D:9 Erica; Erolcha; Grum; Pikel
D:10 3 runed translucent doors, Datiun's ghost, novice MiBe
Lair:3 exclusion: oklob plant


Innate Abilities, Weirdness & Mutations

You have a beak for a mouth.
You have claws for feet.
You can fly continuously.
You are partially covered in icy blue scales. (AC +2)
You are resistant to hostile enchantments. (MR+)


Message History

Your kick misses the vampire mosquito. You peck the vampire mosquito.
You block the vampire mosquito's attack.
You hear a distant slurping noise.
Jiyva appreciates your sacrifice.
You puncture the vampire mosquito!
You destroy the vampire mosquito!
Things that are here:
a +0 shortbow; 26 arrows You hit the shock serpent.
Your kick misses the shock serpent. You peck the shock serpent.
You block the shock serpent's attack.
You hit the shock serpent. You claw the shock serpent.
Your peck misses the shock serpent. The shock serpent bites you!
The shock serpent shocks you!
You take 25 damage, and have 68/93 hp.
MASSIVE DAMAGE!!
You puncture the shock serpent!
You claw the shock serpent, but do no damage.
Your peck misses the shock serpent.
The shock serpent's electric aura discharges, shocking you!
You take 5 damage, and have 63/93 hp.
You puncture the shock serpent! You claw the shock serpent.
Your peck misses the shock serpent.
The shock serpent's electric aura discharges, shocking you!
You hit the shock serpent. Your kick misses the shock serpent.
Your peck misses the shock serpent. You block the shock serpent's attack.
You hit the shock serpent. You claw the shock serpent.
Your peck misses the shock serpent. The shock serpent misses you.
You hit the shock serpent but do no damage.
Your kick misses the shock serpent. You peck the shock serpent.
You hit the shock serpent. You claw the shock serpent.
Your peck misses the shock serpent. You miss the shock serpent.
You claw the shock serpent.
The shock serpent shoots out a bolt of lightning at you!
The bolt of electricity hits you!
You take 8 damage, and have 56/93 hp.
You hit the shock serpent.
You kill the shock serpent!
No target in view!
No target in view!
You start resting.
You hear a distant slurping noise.
Jiyva appreciates your sacrifice.
You feel a little less hungry.
You start resting.
You hear a distant slurping noise.
You feel better.
You regained 5 hp, and now have 62/93 hp.
You start resting.
You hear a distant slurping noise.
You feel a little less hungry.
You feel better.
You regained 21 hp, and now have 83/93 hp.
A deep elf mage comes into view. It is wielding a +0 long sword.
A meliai comes into view. It is wielding a +0 war axe.
You hear a distant slurping noise.
You feel a little less hungry.
You feel better.
You regained 8 hp, and now have 92/93 hp.
A meliai comes into view. It is wielding a +0 war axe.
You hear a distant slurping noise.
You feel a little less hungry.
You feel better.
A meliai comes into view. It is wielding a +0 war axe.
The meliai moves out of view.
Health restored: 93 The meliai buzzes angrily.
The meliai mumbles some strange prayers to its god against you.
Something smites you!
You see here a potion of curing.
You take 15 damage, and have 78/93 hp.
Okawaru sends forces against you!
The divine experience drains your vigour!
You feel yourself slow down.
A warg, 4 orcs, 4 merfolk and 2 stone giants come into view.
The merfolk javelineer is wielding a +4 vampiric spear.
The warg howls!
The merfolk shouts! x2; You hear an angry buzzing noise.
The meliai buzzes angrily.
The meliai calls down the wrath of its god upon you.
Something smites you!
You take 11 damage, and have 68/93 hp.
Unknown command.
The meliai invokes the aid of its god against you.
Something smites you! You block the deep elf mage's attack.
The meliai mumbles some strange prayers to its god against you.
Something smites you!
The stone giant throws a large rock.
The large rock misses you.
The large rock disappears in a puff of smoke!
You take 21 damage, and have 47/93 hp.
MASSIVE DAMAGE!!
Unknown command.
The meliai calls down the wrath of its god upon you.
Something smites you! You block the warg's attack.
The meliai invokes the aid of its god against you.
Something smites you!
* * * LOW HITPOINT WARNING * * *
The meliai mumbles some strange prayers to its god against you.
Something smites you!
* * * LOW HITPOINT WARNING * * *
You take 34 damage, and have 13/93 hp.
MASSIVE DAMAGE!!
The deep elf mage gestures at you while chanting.
The bolt of cold hits you!!
You die...

.......##.......
................ ...
..................... ...
.................... ..##
................... #...#
............####.#####...#
. ##.!m..m#≈≈..≈≈≈#...# ...
##...o.ho#≈....≈≈#...#
#..#...#.oCo#@.....≈#...#
##.....#ymme............#
#.....)y.yC.#≈.....≈#....#
..y....†##...#≈....≈≈#...##
.........##..#≈≈...≈≈##.##
..........#..####.#### ##
..........#..# #....
.............# #....#
........##.... #...##


You could see a stone giant, a merfolk javelineer, a merfolk, a deep elf mage
and 3 meliai.

Vanquished Creatures
  Rupert (Lair:4)
  An orc warlord (Orc:1)
  A minotaur (Gauntlet)
  A fire dragon (Volcano)
  2 vault guards (D:13)
  A death knight (D:12)
  A catoblepas (Lair:6)
  9 hydras
  A ghost crab (Gauntlet)
  A centaur warrior (D:15)
  4 two-headed ogres
  A hell hog (Volcano)
  4 orc high priests
  A shock serpent (shapeshifter) (D:15)
  3 skeletal warriors (D:12)
  3 unseen horrors
  5 necromancers
  5 orc knights (Orc:2)
  5 orc sorcerers
  3 deep elf magi (Elf:1)
  3 ugly things
  2 manticores (Lair:5)
  A cyclops (D:11)
  A black mamba (Lair:3)
  A torpor snail (Lair:6)
  A molten gargoyle (Orc:1)
  24 cane toads
  A gargoyle (D:12)
  2 kobold demonologists (D:13)
  3 rime drakes
  11 komodo dragons
  3 trolls
  3 meliai
  A queen bee (Lair:5)
  2 polar bears (Lair:6)
  A large abomination (Gauntlet)
  21 blink frogs
  7 hippogriffs
  4 tyrant leeches
  A meliai zombie (D:13)
  9 dream sheep (Lair:6)
  A wraith (D:12)
  A vampire (D:10)
  19 humans (D:13)
  4 wyverns
  29 yaks
  6 fire bats (Volcano)
  3 basilisks
  3 steam dragons
  8 vampire mosquitoes
  7 wargs
  A swamp worm (Lair:4)
  A hell hound (Volcano)
  8 water moccasins
  5 porcupines
  25 orc warriors
  3 sky beasts
  3 ice beasts
  A phantom (D:12)
  4 black bears
  An eye of draining (D:12)
  A necrophage (D:10)
  15 wolves
  10 ogres
  5 small abominations (Gauntlet)
  16 crocodiles
  11 centaurs
  3 big kobolds
  28 bullfrogs
  A wyvern zombie (D:12)
  A water moccasin zombie (D:10)
  A wyvern skeleton (D:11)
  8 scorpions
  36 killer bees
  3 wights (D:12)
  7 electric eels
  4 howler monkeys
  10 lava snakes
  A quasit (D:10)
  A bullfrog zombie (D:10)
  8 hounds
  15 orc priests
  4 jellies
  2 bullfrog skeletons
  26 orc wizards
  2 centaur skeletons
  2 iguanas
  3 hell rats
  8 worker ants
  2 hound skeletons
  Robin (D:2)
  4 gnolls (D:7)
  8 adders
  11 river rats (Lair:1)
  A shadow imp (D:10)
  A white imp (D:9)
  4 ufetubi
  2 adder skeletons
  3 worms
  2 dart slugs
  3 leopard geckos
  65 orcs
  5 bats
  6 giant cockroaches
  19 goblins
  12 hobgoblins
  4 jackals
  7 kobolds
  6 quokkas
  2 ball pythons
  6 frilled lizards
  2 jackal skeletons (D:8)
  3 leopard gecko skeletons
  A leopard gecko zombie (D:9)
  9 rats
  2 fungi (D:11)
  A plant (Lair:6)
712 creatures vanquished.

Vanquished Creatures (collateral kills)
  An orc (D:11)
1 creature vanquished.

Vanquished Creatures (others)
  A gargoyle (D:13)
  5 slime creatures (D:13)
  A vampire (D:15)
  A shadow (D:13)
  A yak (D:15)
  A big kobold (D:13)
  A bullfrog (D:15)
  13 jellies
  A bullfrog zombie (D:13)
  An orc wizard (D:13)
  A worker ant (D:13)
  An orc (D:13)
  5 kobolds
  21 fungi
  45 plants
99 creatures vanquished.

Grand Total: 812 creatures vanquished

Notes
Turn   | Place    | Note
-------+----------+-------------------------------------------
     0 | D:1      | MackTheKnife the Tengu Gladiator began the quest for the
                  | Orb.
     0 | D:1      | Reached XP level 1. HP: 12/12 MP: 2/2
   118 | D:1      | Reached XP level 2. HP: 17/17 MP: 3/3
   175 | D:1      | Reached skill level 4 in Axes
   369 | D:1      | Reached XP level 3. HP: 16/21 MP: 4/4
   691 | D:1      | meem: I'm meem, an infobot run by MalcolmRoseGaming: Type
                  | !submeem to keep me in your games; !nomeem to shut me up
                  | forever; !meem for help; !whymeem if you want to know why
                  | meem exists. Visit http://youtube.com/malcolmrosegaming for
                  | more DCSS content.
   936 | D:2      | Noticed Robin
   938 | D:2      | Reached skill level 5 in Axes
   948 | D:2      | Reached XP level 4. HP: 15/26 MP: 5/5
   960 | D:2      | HP: 5/26 [goblin/+0 club (7)]
  1047 | D:2      | Killed Robin
  1624 | D:3      | Reached skill level 6 in Axes
  1737 | D:3      | Gained mutation: You can fly continuously. [Tengu growth]
  1737 | D:3      | Reached XP level 5. HP: 30/30 MP: 6/6
  2043 | D:4      | Noticed an ogre
  2065 | D:4      | Killed an ogre
  2065 | D:4      | Reached skill level 3 in Fighting
  2065 | D:4      | Reached skill level 7 in Axes
  2065 | D:4      | Reached XP level 6. HP: 33/37 MP: 7/7
  2350 | D:4      | Found a shattered altar of Ashenzari.
  2430 | D:5      | Entered Level 5 of the Dungeon
  2506 | D:5      | Reached skill level 4 in Fighting
  2506 | D:5      | Reached XP level 7. HP: 35/43 MP: 8/8
  2521 | D:5      | Found a staircase to the Ecumenical Temple.
  2533 | Temple   | Entered the Ecumenical Temple
  2618 | Temple   | Became a worshipper of Warmaster Okawaru
  2823 | D:5      | HP: 7/44 [something (6)]
  2824 | D:5      | Reached skill level 8 in Axes
  2831 | D:5      | HP: 9/44 [poisoned by a worker ant]
  2937 | D:5      | Reached * piety under Okawaru
  2937 | D:5      | Reached skill level 5 in Fighting
  3115 | D:5      | Found a shimmering blue altar of Sif Muna.
  3130 | D:5      | Reached XP level 8. HP: 38/50 MP: 9/9
  3133 | D:5      | Identified Sif Muna's Collected Works on Black Arts
  3319 | D:6      | HP: 10/50 [orc priest/divine providence (14)]
  3319 | D:6      | HP: 4/50 [orc warrior/cursed -2 war axe (6)]
  3332 | D:6      | Noticed a hippogriff
  3334 | D:6      | HP: 9/50 [hippogriff (8)]
  3339 | D:6      | Found an ornate altar of the Wu Jian Council.
  3352 | D:6      | HP: 11/50 [hound (4)]
  3355 | D:5      | HP: 4/50 [hound (4)]
  3361 | D:5      | HP: 4/50 [hound (3)]
  3630 | D:6      | Reached skill level 1 in Armour
  3696 | D:6      | Found a glowing golden altar of the Shining One.
  3730 | D:6      | Reached skill level 2 in Armour
  3730 | D:6      | Reached skill level 4 in Dodging
  3863 | D:6      | Killed a hippogriff
  3863 | D:6      | Reached ** piety under Okawaru
  3863 | D:6      | Reached skill level 3 in Armour
  3863 | D:6      | Reached skill level 5 in Dodging
  4122 | D:6      | Reached skill level 4 in Armour
  4235 | D:7      | Noticed a hippogriff
  4244 | D:7      | HP: 12/51 [centaur/arrow (6)]
  4250 | D:6      | Killed a hippogriff
  4250 | D:6      | Reached skill level 5 in Armour
  4250 | D:6      | Reached skill level 6 in Dodging
  4250 | D:6      | Reached XP level 9. HP: 9/55 MP: 10/10
  4522 | D:7      | Found Iciash's Armour Shop.
  4853 | D:7      | Found a hazy altar of Hepliaklqana.
  5261 | D:8      | Reached skill level 6 in Armour
  5261 | D:8      | Reached skill level 7 in Dodging
  5280 | D:7      | Reached *** piety under Okawaru
  5428 | D:7      | Reached skill level 7 in Armour
  5428 | D:7      | Reached skill level 8 in Dodging
  5577 | D:8      | Reached **** piety under Okawaru
  5577 | D:8      | Reached XP level 10. HP: 46/60 MP: 11/11
  5582 | D:8      | Reached skill level 8 in Armour
  6041 | D:9      | Noticed Erolcha
  6148 | D:9      | Reached skill level 6 in Fighting
  6148 | D:9      | Reached skill level 9 in Axes
  6305 | D:9      | HP: 5/61 [electric eel/bolt of electricity (12)]
  6310 | D:8      | HP: 8/61 [big kobold/+0 short sword (1)]
  6485 | D:9      | Noticed Pikel
  6487 | D:9      | Noticed Erica
  6507 | D:9      | Noticed Grum
  6520 | D:10     | Entered Level 10 of the Dungeon
  6539 | D:10     | Reached skill level 1 in Evocations
  6830 | D:10     | Found a runed translucent gate.
  6831 | D:10     | Found a runed translucent gate.
  6832 | D:10     | Found a runed translucent gate.
  6840 | D:10     | Noticed Datiun's ghost (novice MiBe)
  6875 | D:10     | Reached skill level 7 in Fighting
  6996 | D:10     | Reached skill level 10 in Axes
  7087 | D:10     | HP: 10/63 [something (9)]
  7126 | D:10     | HP: 5/63 [something/vampiric draining (15)]
  7128 | D:10     | Gained mutation: You have a pair of small antennae on your
                  | head. [potion of mutation]
  7128 | D:10     | Gained mutation: You are partially covered in icy blue
                  | scales. (AC +2) [potion of mutation]
  7128 | D:10     | Gained mutation: You are resistant to hostile enchantments.
                  | (MR+) [potion of mutation]
  7128 | D:10     | Gained mutation: You are highly resistant to hostile
                  | enchantments. (MR++) [potion of mutation]
  7132 | D:10     | HP: 19/94 [something (4)]
  7138 | D:10     | HP: 13/94 [vampire (6)]
  7362 | D:10     | Reached ***** piety under Okawaru
  7540 | D:11     | Noticed a brown ugly thing
  7544 | D:11     | Noticed a cyclops
  7555 | D:11     | Killed a brown ugly thing
  7555 | D:11     | Reached skill level 8 in Fighting
  7607 | D:11     | Killed a cyclops
  7607 | D:11     | Reached XP level 11. HP: 69/69 MP: 12/12
  7677 | D:11     | Reached skill level 11 in Axes
  7870 | D:11     | Found a staircase to the Lair.
  7921 | D:11     | Noticed a two-headed ogre
  7927 | D:11     | Killed an unseen horror
  7927 | D:11     | Reached skill level 9 in Fighting
  7938 | D:11     | Killed a two-headed ogre
  7941 | D:11     | Noticed a green ugly thing
  7952 | D:11     | Killed a green ugly thing
  7952 | D:11     | Received a gift from Okawaru
  8079 | D:11     | Noticed a seven-headed hydra
  8086 | D:11     | HP: 16/71 [ten-headed hydra (12)]
  8086 | D:11     | HP: 6/71 [ten-headed hydra (10)]
  8223 | Lair:1   | Entered Level 1 of the Lair of Beasts
  8289 | Lair:1   | Noticed a six-headed hydra
  8394 | Lair:1   | Found a dark tunnel.
  8397 | Volcano  | Entered a volcano
  8431 | Volcano  | Reached skill level 12 in Axes
  8602 | Volcano  | Reached skill level 10 in Fighting
  8615 | Volcano  | Noticed a fire dragon
  8616 | Volcano  | Noticed a hell hog
  8633 | Volcano  | Killed a fire dragon
  8634 | Volcano  | Found a burning altar of Makhleb.
  8636 | Volcano  | HP: 16/73 [lava snake/glob of lava (12)]
  8642 | Volcano  | Killed a hell hog
  8857 | Lair:1   | Reached skill level 1 in Short Blades
  9029 | Lair:1   | Reached skill level 2 in Short Blades
  9029 | Lair:1   | Reached XP level 12. HP: 71/78 MP: 13/13
  9120 | Lair:1   | Reached skill level 3 in Short Blades
  9139 | Lair:1   | Reached skill level 4 in Short Blades
  9264 | Lair:1   | Reached skill level 5 in Short Blades
  9306 | Lair:1   | Got a jewelled quarterstaff
  9414 | Lair:1   | Killed a six-headed hydra
  9631 | Lair:2   | Reached skill level 6 in Short Blades
  9709 | Lair:2   | Identified the +8 quarterstaff of the Extremely Mad
                  | {distort, Str+2 Dex+4} (You found it on level 1 of the Lair
                  | of Beasts)
  9793 | Lair:2   | Noticed a seven-headed hydra
  9801 | Lair:2   | Killed a seven-headed hydra
  9967 | Lair:2   | Got a thick robe
 10163 | Lair:2   | Reached skill level 7 in Short Blades
 10424 | Lair:3   | Reached skill level 8 in Short Blades
 10562 | Lair:3   | Identified the +0 robe "Byadwead" {rN+ MR+} (You found it
                  | on level 2 of the Lair of Beasts)
 10653 | Lair:3   | Received a gift from Okawaru
 10715 | Lair:3   | Noticed a five-headed hydra
 10728 | Lair:3   | Killed a five-headed hydra
 10728 | Lair:3   | Reached skill level 9 in Short Blades
 10787 | Lair:3   | Reached ****** piety under Okawaru
 10927 | Lair:3   | Reached skill level 10 in Short Blades
 11049 | Lair:4   | Found a gate leading to a gauntlet.
 11059 | Gauntlet | Entered a Gauntlet
 11059 | Gauntlet | Found a transporter.
 11059 | Gauntlet | Found a transporter.
 11063 | Gauntlet | Found a transporter.
 11063 | Gauntlet | Found a transporter.
 11063 | Gauntlet | Found a transporter.
 11063 | Gauntlet | Found a transporter.
 11084 | Gauntlet | Received a gift from Okawaru
 11135 | Gauntlet | Found a transporter.
 11135 | Gauntlet | Found a transporter.
 11139 | Gauntlet | Found a transporter.
 11140 | Gauntlet | Found a transporter.
 11171 | Gauntlet | Reached skill level 11 in Short Blades
 11197 | Gauntlet | Received a gift from Okawaru
 11200 | Gauntlet | Got a shimmering broad axe {god gift}
 11202 | Gauntlet | Noticed a dire elephant
 11207 | Gauntlet | Identified the +1 broad axe "Vuog Sij" {vorpal, rF+}
                  | (Okawaru gifted it to you in a Gauntlet)
 11219 | Gauntlet | Found a transporter.
 11231 | Gauntlet | Noticed a ghost crab
 11246 | Gauntlet | Killed a ghost crab
 11246 | Gauntlet | Reached XP level 13. HP: 74/83 MP: 14/14
 11272 | Gauntlet | Found a transporter.
 11274 | Gauntlet | Noticed a minotaur
 11305 | Gauntlet | Killed a minotaur
 11404 | Gauntlet | Found the +2 cloak of the Thief {+Fog Slay-2 SInv Stlth+}
 11453 | Lair:4   | Reached skill level 1 in Shields
 11690 | Lair:4   | Reached skill level 2 in Shields
 11728 | Lair:4   | Found a staircase to the Snake Pit.
 11936 | Lair:4   | Noticed Rupert
 11974 | Lair:4   | Killed Rupert
 11974 | Lair:4   | Reached skill level 4 in Shields
 12085 | Lair:4   | Received a gift from Okawaru
 12098 | Lair:4   | Reached skill level 5 in Shields
 12108 | Lair:4   | Got a brightly glowing cloak {god gift}
 12114 | Lair:4   | Identified the +0 cloak "Zefetoz" {Int+3} (Okawaru gifted
                  | it to you on level 4 of the Lair of Beasts)
 12221 | Lair:4   | Found a staircase to the Swamp.
 12433 | Lair:5   | Reached skill level 6 in Shields
 12673 | Lair:5   | Reached skill level 7 in Shields
 12823 | Lair:5   | Reached skill level 8 in Shields
 13006 | Lair:5   | Got a heavy robe
 13239 | Lair:5   | HP: 19/83 [meliai/divine providence (11)]
 13253 | Lair:5   | HP: 12/83 [meliai/divine providence (10)]
 13255 | Lair:5   | HP: 4/83 [meliai/divine providence (8)]
 13609 | Lair:5   | Reached skill level 9 in Shields
 14054 | Lair:5   | 1player: !subscribe
 14054 | Lair:5   | beem: User 1player is already subscribed
 14066 | Lair:6   | Entered Level 6 of the Lair of Beasts
 14197 | Lair:6   | Reached skill level 10 in Shields
 14216 | Lair:6   | Reached XP level 14. HP: 84/88 MP: 15/15
 14451 | Lair:6   | Reached skill level 1 in Invocations
 14462 | Lair:6   | Reached skill level 2 in Invocations
 14489 | Lair:6   | Reached skill level 3 in Invocations
 14492 | Lair:6   | Received a gift from Okawaru
 14520 | Lair:6   | Reached skill level 4 in Invocations
 14587 | Lair:6   | Reached skill level 5 in Invocations
 14889 | Lair:6   | Reached skill level 6 in Invocations
 14893 | Lair:6   | Identified the +0 robe of Fortitude {-Tele Harm rF+++
                  | Slay+2} (You found it on level 5 of the Lair of Beasts)
 15356 | Lair:6   | Found a staircase to the Slime Pits.
 15359 | Lair:6   | Found a viscous altar of Jiyva.
 15364 | Lair:6   | Reached skill level 7 in Invocations
 16248 | D:11     | Got a twisted flail
 16448 | D:12     | Received a gift from Okawaru
 16451 | D:12     | Got a twisted executioner's axe {god gift}
 16471 | D:12     | Reached skill level 11 in Shields
 17074 | D:12     | Reached skill level 12 in Shields
 17119 | D:12     | Reached XP level 15. HP: 93/93 MP: 21/21
 17412 | D:12     | Found a staircase to the Orcish Mines.
 17518 | Orc:1    | Entered Level 1 of the Orcish Mines
 17936 | Orc:1    | Found a roughly hewn altar of Beogh.
 18163 | Orc:1    | Found a roughly hewn altar of Beogh.
 18240 | Orc:2    | Entered Level 2 of the Orcish Mines
 18257 | Orc:2    | Received a gift from Okawaru
 18434 | Orc:1    | Noticed an orc warlord
 18438 | Orc:1    | Reached skill level 13 in Shields
 18482 | Orc:1    | Killed an orc warlord
 18730 | Orc:2    | Found a staircase to the Elven Halls.
 18883 | Orc:2    | Found Mijaeres's Armour Boutique.
 19342 | Orc:2    | Found Wuseat's Armour Boutique.
 19343 | Orc:2    | Found Bifur's Antique Weapon Emporium.
 19343 | Orc:2    | Found Fuos's Antique Armour Emporium.
 19370 | Orc:2    | Bought a glowing cloak for 292 gold pieces
 19374 | Orc:2    | Bought a runed tower shield for 292 gold pieces
 19562 | Elf:1    | Entered Level 1 of the Elven Halls
 19586 | Elf:1    | Reached skill level 14 in Shields
 19910 | Lair:6   | Fell from the grace of Okawaru
 19910 | Lair:6   | Became a worshipper of Jiyva Juomee the Shapeless
 20106 | Lair:6   | Reached * piety under Jiyva
 20792 | D:10     | Reached ** piety under Jiyva
 20899 | D:13     | Reached *** piety under Jiyva
 20901 | D:13     | Lost mutation: You have a pair of small antennae on your
                  | head. [Jiyva's grace]
 21086 | D:13     | Reached **** piety under Jiyva
 21136 | D:13     | Lost mutation: You are highly resistant to hostile
                  | enchantments. (MR++) [Jiyva's grace]
 21137 | D:13     | Reached ***** piety under Jiyva
 21185 | D:13     | Found a gate to the Vaults.
 21220 | D:13     | Found Coidepn's General Store.
 21225 | D:13     | Bought a potion of might for 56 gold pieces
 21225 | D:13     | Bought a scroll of fear for 49 gold pieces
 21225 | D:13     | Identified the +11 executioner's axe "Sidian" {flame, rF-
                  | Int+6} (Okawaru gifted it to you on level 12 of the
                  | Dungeon)
 21241 | D:13     | You are sucked into a shaft and drop 2 floors!
 21241 | D:15     | Entered Level 15 of the Dungeon
 21277 | D:15     | Reached skill level 1 in Stealth
 21401 | D:15     | HP: 13/93 [meliai/divine providence (12)]
 21402 | D:15     | Killed from afar by a deep elf mage

Illustrated notes

Levels and vault maps discovered:
D:1:      dpeg_arrival_rooms_c, layout_basic, minmay_indecisive_spiral
D:2:      layout_rooms, chequers_avenue, minmay_pentomino_x2, uniq_robin
D:3:      layout_basic
D:4:      layout_rooms, nicolae_overflow_hidden_temple
D:5:      layout_rooms, led_sif_book, minmay_temple_entry_drinking_statues
D:6:      layout_cave_pools, tso_metal_star, lemuel_crystal_altar,
          kennysheep_generic_room_4
D:7:      layout_basic, lemuel_doored_altar, serial_shops, nicolae_shop_crystal
D:8:      layout_cave_pools
D:9:      layout_big_octagon, nicolae_island_escapes, uniq_erica, uniq_erolcha,
          uniq_pikel, uniq_grum
D:10:     layout_loops_ring, gammafunk_ghost_split, centaur_isle
D:11:     layout_irregular_city, due_lair_maze_entry_diamond
D:12:     layout_rooms, minmay_orc_entry_guard_dogs, wad_mini_maze
D:13:     gammafunk_jiyva_shrine, layout_basic, grunt_vaults_entry_tiered,
          serial_shops, shop, drop_trap, minmay_fractal_squares_diagonal_5
D:15:     grunt_enter_depths_magical_seal, layout_cave_pools, serial_ice,
          serial_ice_i, serial_ice_b, serial_ice_m, serial_ice_o, serial_ice_f,
          serial_ice_h
Temple:   minmay_temple_bridge_d
Lair:1:   layout_regular_city, nicolae_volcano_entry_lava_flow,
          kennysheep_rathole
Lair:2:   layout_chaotic_city, serial_bayou_lake_a
Lair:3:   layout_regular_city, minmay_lair_oklob_chamber, serial_bayou_shore_a
Lair:4:   layout_regular_city, minmay_swamp_entry_worms, dummy_snake_entry,
          gauntlet_entry_generic, disabler_island, uniq_rupert
Lair:5:   regret_index_tunnel_blossom, layout_long_grid
Lair:6:   minmay_lair_end_frog_pond, layout_regular_city, slime_altar_1,
          grunt_megastairs_2, lemuel_fruit_tree
Orc:1:    layout_caves, basic_altar, nicolae_orc_lava_tube,
          nicolae_orc_lost_temple
Orc:2:    st_orc_elflike, layout_diamond_mine
Elf:1:    eino_elf_arrival_sip, layout_loops_cross, serial_shops,
          nicolae_shop_waterfront, shop_fountains, shop, shop,
          minmay_elf_demonology

Skill      XL: |  1  2  3  4  5  6  7  8  9 10 11 12 13 14 15 |
---------------+----------------------------------------------+-----
Axes           | 4 5 6 7 8 10 12 | 12.6
Fighting       | 3 4 5 8 10 | 10.5
Armour         | 5 7 8 |  8.2
Dodging        | 6 8 |  8.9
Evocations     | 1 |  1.5
Short Blades   | 2 11 | 11.8
Shields        | 10 12 14 | 14.9
Invocations    | 7 |  7.9
Stealth        | 1 |  1.8
Throwing       | |  2.0

Action                   |  1- 3 |  4- 6 |  7- 9 | 10-12 | 13-15 || total
-------------------------+-------+-------+-------+-------+-------++-------
Melee: War axe           |    75 |   107 |   212 |   357 |       ||   751
       Kick              |    20 |    29 |    63 |   266 |   777 ||  1155
       Peck              |     7 |    15 |    43 |   188 |   548 ||   801
       Quick blade       |       |       |       |   347 |  1923 ||  2270
       Punch             |       |       |       |       |     1 ||     1
Invok: Heroism           |       |       |       |     6 |    15 ||    21
       Finesse           |       |       |       |     1 |     3 ||     4
       Request Jelly     |       |       |       |       |     3 ||     3
 Abil: Fly               |       |     1 |       |       |       ||     1
Evoke: Wand              |       |       |       |    11 |     5 ||    16
  Use: Scroll            |       |     5 |    11 |    18 |    13 ||    47
       Potion            |       |       |     3 |     6 |       ||     9
 Stab: Distracted        |       |       |       |     1 |       ||     1
       Paralysed         |       |       |       |       |     1 ||     1
       Petrified         |       |       |       |       |    11 ||    11
       Petrifying        |       |       |       |       |     3 ||     3
Armor: Leather armour    |    15 |       |       |       |       ||    15
       Ring mail         |     8 |    39 |    50 |    72 |    88 ||   257
       Scale mail        |     5 |       |       |       |       ||     5
       Skin              |       |       |       |    26 |       ||    26
       Chain mail        |       |       |       |    46 |    17 ||    63
Dodge: Dodged            |    66 |    89 |   217 |   570 |   399 ||  1341
Block: Kite shield       |       |       |       |       |   817 ||   817
       Reflection        |       |       |       |       |    11 ||    11

Table legend: (Time is in decaauts)
 A = Elapsed time spent in this place.
 B = Non-inter-level travel time spent in this place.
 C = Inter-level travel time spent in this place.
 D = Time resting spent in this place.
 E = Time spent auto-exploring this place.
 F = Levels seen in this place.
 G = Mean time per level.
                   A        B        C        D        E       F      G
               +--------+--------+--------+--------+--------+-----+--------+
         Total |  18858 |  17747 |   1111 |   3584 |   9401 |  26 |  725.3 |
       Dungeon |   9594 |   9027 |    567 |   1396 |   5131 |  14 |  685.3 |
        Temple |     97 |     79 |     18 |      0 |     67 |   1 |   97.0 |
          Lair |   6788 |   6398 |    390 |   1780 |   3211 |   6 | 1131.3 |
  Orcish Mines |   1734 |   1599 |    135 |    179 |    971 |   2 |  867.0 |
   Elven Halls |     15 |     15 |      0 |      0 |      0 |   1 |   15.0 |
       Volcano |    361 |    361 |      0 |    137 |     19 |   1 |  361.0 |
      Gauntlet |    267 |    267 |      0 |     91 |      0 |   1 |  267.0 |
               +--------+--------+--------+--------+--------+-----+--------+

Top non-repeatable levels by time:
  Lair:6: 2170 daAuts
  Lair:4: 1313 daAuts
    D:10: 1194 daAuts
  Lair:5: 1162 daAuts
     D:7: 1000 daAuts
     D:1: 931 daAuts
    D:12: 926 daAuts
    D:11: 917 daAuts
   Orc:2: 906 daAuts
     D:8: 868 daAuts
  Lair:1: 863 daAuts
   Orc:1: 827 daAuts
     D:6: 768 daAuts
     D:5: 728 daAuts
  Lair:2: 722 daAuts

Levels and vault maps discovered:
D:1:      dpeg_arrival_rooms_c, layout_basic, minmay_indecisive_spiral
D:2:      layout_rooms, chequers_avenue, minmay_pentomino_x2, uniq_robin
D:3:      layout_basic
D:4:      layout_rooms, nicolae_overflow_hidden_temple
D:5:      layout_rooms, led_sif_book, minmay_temple_entry_drinking_statues
D:6:      layout_cave_pools, tso_metal_star, lemuel_crystal_altar,
          kennysheep_generic_room_4
D:7:      layout_basic, lemuel_doored_altar, serial_shops, nicolae_shop_crystal
D:8:      layout_cave_pools
D:9:      layout_big_octagon, nicolae_island_escapes, uniq_erica, uniq_erolcha,
          uniq_pikel, uniq_grum
D:10:     layout_loops_ring, gammafunk_ghost_split, centaur_isle
D:11:     layout_irregular_city, due_lair_maze_entry_diamond
D:12:     layout_rooms, minmay_orc_entry_guard_dogs, wad_mini_maze
D:13:     gammafunk_jiyva_shrine, layout_basic, grunt_vaults_entry_tiered,
          serial_shops, shop, drop_trap, minmay_fractal_squares_diagonal_5
D:15:     grunt_enter_depths_magical_seal, layout_cave_pools, serial_ice,
          serial_ice_i, serial_ice_b, serial_ice_m, serial_ice_o, serial_ice_f,
          serial_ice_h
Temple:   minmay_temple_bridge_d
Lair:1:   layout_regular_city, nicolae_volcano_entry_lava_flow,
          kennysheep_rathole
Lair:2:   layout_chaotic_city, serial_bayou_lake_a
Lair:3:   layout_regular_city, minmay_lair_oklob_chamber, serial_bayou_shore_a
Lair:4:   layout_regular_city, minmay_swamp_entry_worms, dummy_snake_entry,
          gauntlet_entry_generic, disabler_island, uniq_rupert
Lair:5:   regret_index_tunnel_blossom, layout_long_grid
Lair:6:   minmay_lair_end_frog_pond, layout_regular_city, slime_altar_1,
          grunt_megastairs_2, lemuel_fruit_tree
Orc:1:    layout_caves, basic_altar, nicolae_orc_lava_tube,
          nicolae_orc_lost_temple
Orc:2:    st_orc_elflike, layout_diamond_mine
Elf:1:    eino_elf_arrival_sip, layout_loops_cross, serial_shops,
          nicolae_shop_waterfront, shop_fountains, shop, shop,
          minmay_elf_demonology

Table legend: (Time is in decaauts)
 A = Elapsed time spent in this place.
 B = Non-inter-level travel time spent in this place.
 C = Inter-level travel time spent in this place.
 D = Time resting spent in this place.
 E = Time spent auto-exploring this place.
 F = Levels seen in this place.
 G = Mean time per level.
                   A        B        C        D        E       F      G
               +--------+--------+--------+--------+--------+-----+--------+
         Total |  18858 |  17747 |   1111 |   3584 |   9401 |  26 |  725.3 |
       Dungeon |   9594 |   9027 |    567 |   1396 |   5131 |  14 |  685.3 |
        Temple |     97 |     79 |     18 |      0 |     67 |   1 |   97.0 |
          Lair |   6788 |   6398 |    390 |   1780 |   3211 |   6 | 1131.3 |
  Orcish Mines |   1734 |   1599 |    135 |    179 |    971 |   2 |  867.0 |
   Elven Halls |     15 |     15 |      0 |      0 |      0 |   1 |   15.0 |
       Volcano |    361 |    361 |      0 |    137 |     19 |   1 |  361.0 |
      Gauntlet |    267 |    267 |      0 |     91 |      0 |   1 |  267.0 |
               +--------+--------+--------+--------+--------+-----+--------+

Top non-repeatable levels by time:
  Lair:6: 2170 daAuts
  Lair:4: 1313 daAuts
    D:10: 1194 daAuts
  Lair:5: 1162 daAuts
     D:7: 1000 daAuts
     D:1: 931 daAuts
    D:12: 926 daAuts
    D:11: 917 daAuts
   Orc:2: 906 daAuts
     D:8: 868 daAuts
  Lair:1: 863 daAuts
   Orc:1: 827 daAuts
     D:6: 768 daAuts
     D:5: 728 daAuts
  Lair:2: 722 daAuts

Table legend:
 A = Kills in this place as a percentage of kills in entire the game.
 B = Kills by you in this place as a percentage of kills by you in the entire game.
 C = Kills by friends in this place as a percentage of kills by friends in the entire game.
 D = Other kills in this place as a percentage of other kills in the entire game.
 E = Experience gained in this place as a percentage of experience gained in the entire game.
 F = Experience gained in this place divided by the number of levels of this place that you have seen.
                   A       B       C       D       E      F
               +-------+-------+-------+-------+-------+----------------------
         Total | 100.0 | 100.0 | 100.0 |   N/A | 100.0 | 4595.8
       Dungeon |  46.8 |  46.7 | 100.0 |   N/A |  32.3 | 2756.1
          Lair |  33.2 |  33.3 |   0.0 |   N/A |  45.2 | 8991.7
  Orcish Mines |  14.6 |  14.7 |   0.0 |   N/A |  14.1 | 8442.0
   Elven Halls |   0.4 |   0.4 |   0.0 |   N/A |   1.5 | 1813.0
       Volcano |   2.8 |   2.8 |   0.0 |   N/A |   3.3 | 3893.0
      Gauntlet |   2.1 |   2.1 |   0.0 |   N/A |   3.7 | 4365.0
               +-------+-------+-------+-------+-------+----------------------
